 Dungeon Crawl Stone Soup version 0.16-a0-3544-gf6bfca6 (webtiles) character file.

720 Gronka the Shield-Bearer (level 7, -1/61 HPs)
             Began as a Hill Orc Fighter on Jan 9, 2015.
             Was an Initiate of Okawaru.
             Slain by an ogre
             ... wielding a cursed +0 giant spiked club
              (21 damage)
             ... on level 5 of the Dungeon.
             The game lasted 00:08:10 (3151 turns).

Gronka the Shield-Bearer (Hill Orc Fighter)         Turns: 3151, Time: 00:08:11

Health: -1/61      AC: 13    Str: 21    XL:     7   Next: 70%
Magic:  7/7        EV:  5    Int:  8    God:    Okawaru [......]
Gold:   250        SH: 10    Dex: 10    Spells: 0 memorised, 6 levels left

rFire  . . .     SeeInvis .     a - +0 long sword
rCold  . . .     Clarity  .     s - +0 plate armour
rNeg   . . .     SustAb   .     c - +0 shield
rPois  +         Gourm    .     (no helmet)
rElec  .         Spirit   .     (no cloak)
rCorr  .         Warding  .     o - +0 pair of gloves
rMut   .         Stasis   .     (no boots)
MR     .....                    (no amulet)
Stlth  ..........               (no ring)
                                m - ring of poison resistance

@: not resistant to hostile enchantments, extremely unstealthy
A: no striking features
a: Renounce Religion


You were on level 5 of the Dungeon.
You worshipped Okawaru.
Okawaru was noncommittal.
You were not hungry.

You visited 2 branches of the dungeon, and saw 6 of its levels.

You collected 250 gold pieces.

Inventory:

Hand weapons
 a - a +0 long sword (weapon)
 p - a +0 falchion
Armour
 c - a +0 shield (worn)
 o - a +0 pair of gloves (worn)
 s - a +0 plate armour (worn)
Jewellery
 m - a ring of poison resistance (left hand)
 t - an uncursed ring of stealth {unknown}
 u - a +3 ring of intelligence {unknown}
Magical devices
 d - a wand of slowing (0)
Scrolls
 b - 4 scrolls of identify {unknown}
 i - 2 scrolls of remove curse {unknown}
 j - 2 scrolls of magic mapping {unknown}
 k - a scroll of amnesia {unknown}
 l - a scroll of blinking {unknown}
 n - 2 scrolls of enchant armour {unknown}
 q - 3 scrolls of teleportation {unknown}
Potions
 e - a potion of might
 f - 3 potions of curing {unknown}
 h - 2 potions of agility {unknown}
Comestibles
 g - 4 bread rations
 r - a meat ration


   Skills:
 + Level 5.5 Fighting
 + Level 4.0 Long Blades
 + Level 5.6 Armour
 + Level 2.0 Dodging
 + Level 0.3 Stealth
 + Level 5.8 Shields


You had 6 spell levels left.
You didn't know any spells.

Dungeon Overview and Level Annotations

Branches:
Dungeon (5/15)             Temple (1/1) D:4

Altars:
Ashenzari
Cheibriados
Dithmenos
Elyvilon
Gozag
Kikubaaqudgha
Makhleb
Nemelex Xobeh
Okawaru
Qazlal
Ru
Sif Muna
Trog
Vehumet
Xom
Yredelemnul
Zin
The Shining One


Message History

No target in view!
An ogre comes into view. It is wielding a giant spiked club.
The ogre shouts!
You barely miss the ogre.
The ogre hits you with a giant spiked club!!
Your shield and plate armour prevent you from hitting the ogre.
You block the ogre's attack.
You slash the ogre!
The ogre is moderately wounded.
The ogre hits you with a giant spiked club!
Your plate armour prevents you from hitting the ogre.
The ogre is moderately wounded.
The ogre hits you with a giant spiked club!
Your shield and plate armour prevent you from hitting the ogre.
The ogre is moderately wounded.
You block the ogre's attack.
You slash the ogre!
The ogre is severely wounded.
The ogre hits you with a giant spiked club!!
You die...

. ####.#
>. .
#.#>###
#.....
#..#.#
#..#.#
#....#
##.#@#
#.#O#
#.#..
#.####
#.#
#<######
#......#
######.#
#.#


You could see an ogre.

Vanquished Creatures
  Pikel (D:4)
  A scorpion (D:4)
  A giant frog skeleton (D:4)
  A worker ant (D:4)
  Ijyb (D:2)
  Jessica (D:2)
  6 adders
  A worm (D:2)
  2 oozes
  An orc (D:3)
  2 ball pythons
  6 bats
  8 goblins
  7 hobgoblins
  6 jackals
  10 kobolds
  A quokka (D:4)
  3 giant cockroaches
  2 giant geckos (D:1)
  5 giant newts
  10 rats
76 creatures vanquished.

Vanquished Creatures (others)
  An adder (D:4)
1 creature vanquished.

Grand Total: 77 creatures vanquished

Notes
Turn   | Place    | Note
--------------------------------------------------------------
     0 | D:1      | Gronka, the Hill Orc Fighter, began the quest for the Orb.
     0 | D:1      | Reached XP level 1. HP: 19/19 MP: 1/1
   148 | D:1      | Reached XP level 2. HP: 27/27 MP: 2/2
   427 | D:1      | Reached skill level 4 in Fighting
   703 | D:1      | Reached XP level 3. HP: 25/33 MP: 3/3
  1036 | D:2      | Noticed Jessica
  1047 | D:2      | Killed Jessica
  1047 | D:2      | Reached XP level 4. HP: 35/40 MP: 4/4
  1249 | D:2      | Reached skill level 1 in Dodging
  1267 | D:2      | Noticed Ijyb
  1305 | D:2      | Killed Ijyb
  1478 | D:2      | Reached XP level 5. HP: 28/46 MP: 5/5
  2390 | D:4      | Reached XP level 6. HP: 47/53 MP: 6/6
  2478 | D:4      | Found a staircase to the Ecumenical Temple.
  2487 | Temple   | Entered the Ecumenical Temple
  2607 | Temple   | Became a worshipper of Warmaster Okawaru
  2631 | D:4      | Noticed a slave
  2634 | D:4      | Noticed Pikel
  2643 | D:4      | Noticed a slave
  2647 | D:4      | Noticed a slave
  2677 | D:4      | Killed Pikel
  2677 | D:4      | Reached skill level 5 in Fighting
  2677 | D:4      | Reached skill level 5 in Armour
  2677 | D:4      | Reached skill level 5 in Shields
  2677 | D:4      | Reached XP level 7. HP: 38/61 MP: 7/7
  2681 | D:4      | Noticed a freed slave
  3064 | D:4      | Found a shimmering altar of Xom.
  3097 | D:5      | Entered Level 5 of the Dungeon
  3151 | D:5      | Slain by an ogre

Action                   |  1- 3 |  4- 6 |  7- 9 || total
-------------------------+-------+-------+-------++-------
Melee: Long sword        |   152 |   237 |    12 ||   401
  Eat: Meat ration       |     1 |       |       ||     1
       Bread ration      |       |     1 |       ||     1
